 Dungeon Crawl Stone Soup version 0.28-a0-1233-g92def6ad0a (webtiles) character file.

Game seed: 9755760249088501059

561 Lekart the Chopper (level 7, -3/61 HPs)
             Began as a Grey Draconian Chaos Knight on Dec 21, 2021.
             Was a Plaything of Xom.
             Killed by nerve-wracking pain
             ... invoked by Menkaure
              (14 damage)
             ... on level 5 of the Dungeon on Dec 23, 2021.
             The game lasted 00:09:03 (5312 turns).

Lekart the Chopper (Grey Draconian Chaos Knight)    Turns: 5312, Time: 00:09:03

Health: -3/61      AC: 11    Str: 14    XL:     7   Next: 9%
Magic:  7/7        EV: 13    Int: 12    God:    Xom [....*.]
Gold:   1480       SH:  0    Dex: 13    Spells: 6/6 levels left

rFire   + . .      SeeInvis .   a - +0 hand axe (chaos)
rCold   . . .      Faith    .   (no shield)
rNeg    . . .      Spirit   .   (armour unavailable)
rPois   .          Reflect  .   (helmet restricted)
rElec   .          Harm     .   (no cloak)
rCorr   .          Rampage  .   (no gloves)
Will    .....                   (no boots)
Stlth   ++........              h - amulet of magic regeneration
HPRegen 0.20/turn               b - ring of wizardry
MPRegen 0.50/turn               (no ring)

@: no status effects
A: AC +11, amphibious, unfitting armour, cold-blooded, fire resistance 1, high
mp 1, wild magic 1
a: Renounce Religion


You were on level 5 of the Dungeon.
You worshipped Xom.
You were a beloved toy of Xom.
You visited 1 branch of the dungeon, and saw 5 of its levels.

You collected 1480 gold pieces.

Inventory:

Hand Weapons
 a - a +0 hand axe of chaos (weapon)
Missiles
 i - 7 poisoned darts (quivered)
Jewellery
 b - a ring of wizardry (left hand)
 e - a ring of flight
 h - an amulet of magic regeneration (around neck)


   Skills:
 + Level 5.1 Fighting
 + Level 6.1 Axes
 + Level 0.6 Throwing
 + Level 3.3 Dodging
 + Level 2.1 Stealth


You had 6 spell levels left.
You didn't know any spells.
Your spell library contained the following spells:

 Spells                   Type           Power      Damage    Failure   Level
 Sting                    Tmut/Pois      0%         1d3       17%         1
 Poisonous Vapours        Pois/Air       0%         N/A       26%         2
 Olgreb's Toxic Radiance  Pois           0%         N/A       80%         4


Dungeon Overview and Level Annotations

Branches:
Dungeon (5/15)
 Temple: D:4-7

Altars:
Fedhas
Trog
Uskayaw
Xom
Yredelemnul

Shops:
D:5 (

Annotations:
D:3 exclusion: downstairs
D:5 Menkaure


Innate Abilities, Weirdness & Mutations

Your dull iron-grey scales are very hard. (AC +11)
You are amphibious.
You cannot fit into any form of body armour.
You are cold-blooded and may be slowed by cold attacks.
Your flesh is heat resistant. (rF+)
You have an increased reservoir of magic. (+10% MP)
Your spells are a little harder to cast, but a little more powerful.


Message History

The gnoll stops moving altogether!
An iguana comes into view.
Menkaure rustles a few words.
Menkaure calls on the powers of darkness!
Your body is wracked with pain!
* * * LOW HITPOINT WARNING * * *
The gnoll convulses!
You aren't carrying any items that you can evoke.
You feel better. Menkaure barely misses you.
It was a potion of heal wounds.
You feel much better.
Xom thinks this is hilarious!
The gnoll hits you from afar with a +0 spear.
Menkaure hits you but does no damage.
Okay, then.
As you read the scroll labelled ESOMPE GUCEDA, it crumbles to dust.
You hear a loud clanging noise!
It was a scroll of noise.
You hear an angry hiss.
You hear a bark!
You hear an angry hiss.
You hear a shout! x4
Menkaure calls on the powers of darkness!
The gnoll convulses!
Your body is wracked with pain!
The gnoll barely misses you.
As you read the scroll labelled APPEIR QIESA, it crumbles to dust.
It is a scroll of identify.
You don't have any unidentified items.
Menkaure hits you!
* * * LOW HITPOINT WARNING * * *
The gnoll closely misses you.
You barely miss Menkaure.
Your tail-slap misses Menkaure.
Menkaure closely misses you. The gnoll hits you but does no damage.
Menkaure hits you but does no damage.
You hit Menkaure but do no damage.
The gnoll hits you from afar with a +0 spear.
* * * LOW HITPOINT WARNING * * *
Menkaure barely misses you. Xom smiles on you.
The gnoll's +0 spear dances into the air!
Menkaure casts a spell at you. Pain shoots through your body!
You die...

#.g..###.# #.).......
#.)......# ##..####.# # .##
######..# .. ..# #.......# #
#. #.#####.####..# ##.+ .. #.
#....8#.####..##...+
(...##.###.....@.M.g.(......#
........8...>....####...#.###
...###.........## #...#.#
..<......∩...).# #...#.###+
...##........#.# #....[.... #
##..<...8.#.## ##..#.##.#
#............#####..#.#
#.8....####..##.......#
#..#(.## #..##.##..###


You could see Menkaure (fast), a gnoll (ally target) and a friendly +0 spear.

Vanquished Creatures
  An ice beast (D:4)
  An ogre (D:4)
  A bullfrog zombie (D:4)
  An iguana (D:3)
  An orc wizard (D:4)
  A killer bee zombie (D:5)
  A hound skeleton (D:4)
  5 gnolls
  4 adders
  An adder skeleton (D:4)
  A worm (D:2)
  2 dart slugs
  12 orcs
  4 endoplasms
  A giant cockroach (D:2)
  14 goblins
  15 hobgoblins
  6 kobolds
  2 quokkas (D:3)
  A ball python (D:4)
  5 bats
  2 frilled lizards
  3 rats (D:1)
85 creatures vanquished.

Vanquished Creatures (collateral kills)
  A scorpion (D:4)
  An adder (D:4)
2 creatures vanquished.

Grand Total: 87 creatures vanquished

Notes
Turn   | Place    | Note
-------+----------+-------------------------------------------
     0 | D:1      | Lekart the Draconian Chaos Knight began the quest for the
                  | Orb.
     0 | D:1      | Reached XP level 1. HP: 19/19 MP: 1/1
   211 | D:1      | XOM: divination: detect creatures
   303 | D:1      | Found a faded altar of an unknown god.
   349 | D:1      | Reached XP level 2. HP: 8/26 MP: 2/2
   639 | D:1      | XOM: divination: detect creatures
  1599 | D:2      | XOM: silly message
  1609 | D:2      | You fall into a shaft and drop 2 floors!
  1619 | D:4      | Reached XP level 3. HP: 33/33 MP: 3/3
  1718 | D:3      | Reached skill level 4 in Axes
  1718 | D:3      | Reached XP level 4. HP: 8/40 MP: 4/4
  1827 | D:3      | XOM: 10-stop teleportation journey
  1935 | D:3      | XOM: divination: detect creatures
  2086 | D:3      | Gained mutation: Your mind is acute. (Int +2) [potion of
                  | mutation]
  2086 | D:3      | Gained mutation: You are frail. (-10% HP) [potion of
                  | mutation]
  2227 | D:3      | XOM: cloud trail
  2374 | D:3      | XOM: scenery: create altars
  2695 | D:3      | Upgraded the game from 0.28-a0-1212-gc6b4282bc0 to
                  | 0.28-a0-1233-g92def6ad0a
  3076 | D:4      | Noticed an ogre
  3259 | D:3      | XOM: cloud trail
  3516 | D:4      | Reached XP level 5. HP: 25/42 MP: 5/5
  3637 | D:4      | XOM: confuse monster(s)
  3845 | D:4      | XOM: potion effect (haste)
  3865 | D:4      | Reached skill level 5 in Axes
  4048 | D:4      | XOM: 2-stop teleportation journey
  4078 | D:4      | XOM: summons friendly shadow imp
  4088 | D:4      | Reached skill level 1 in Stealth
  4088 | D:4      | Reached XP level 6. HP: 24/47 MP: 6/6
  4127 | D:4      | XOM: 2-stop teleportation journey
  4215 | D:4      | XOM: scenery: create altars
  4431 | D:4      | XOM: summons friendly ufetubus
  4539 | D:4      | Found a bloodstained altar of Trog.
  4736 | D:4      | XOM: give mutations
  4736 | D:4      | Gained mutation: You expend magic power (3 MP) to
                  | strengthen your wands. [Xom's mischief]
  4736 | D:4      | Lost mutation: Your mind is acute. (Int +2) [Xom's
                  | mischief]
  4736 | D:4      | Lost mutation: You are frail. (-10% HP) [Xom's mischief]
  4797 | D:4      | XOM: god gift: 1177 gold pieces
  4861 | D:4      | XOM: give mutations
  4861 | D:4      | Gained mutation: You are robust. (+10% HP) [Xom's grace]
  4861 | D:4      | Gained mutation: Your natural rate of healing is unusually
                  | fast. [Xom's grace]
  4861 | D:4      | Gained mutation: You are somewhat resistant to further
                  | mutation. [Xom's grace]
  4945 | D:4      | Found a blossoming altar of Fedhas.
  4946 | D:4      | Found a basalt altar of Yredelemnul.
  4947 | D:4      | Found a hide-covered altar of Uskayaw.
  5077 | D:5      | Entered Level 5 of the Dungeon
  5077 | D:5      | Noticed an ice beast
  5077 | D:5      | Found Xoawiug's Weapon Shoppe.
  5114 | D:4      | Killed an ice beast
  5115 | D:4      | Reached skill level 5 in Fighting
  5115 | D:4      | Reached skill level 6 in Axes
  5210 | D:4      | Your scales start taking on a dull iron-grey colour.
  5210 | D:4      | Reached XP level 7. HP: 67/67 MP: 7/7
  5244 | D:5      | Lost mutation: You are somewhat resistant to further
                  | mutation. [potion of mutation]
  5244 | D:5      | Lost mutation: You are robust. (+10% HP) [potion of
                  | mutation]
  5244 | D:5      | Gained mutation: Your spells are a little harder to cast,
                  | but a little more powerful. [potion of mutation]
  5245 | D:5      | Lost mutation: Your natural rate of healing is unusually
                  | fast. [potion of mutation]
  5245 | D:5      | Lost mutation: You expend magic power (3 MP) to strengthen
                  | your wands. [potion of mutation]
  5245 | D:5      | Gained mutation: Your spells are harder to cast, but more
                  | powerful. [potion of mutation]
  5245 | D:5      | Lost mutation: Your spells are harder to cast, but more
                  | powerful. [potion of mutation]
  5245 | D:5      | Gained mutation: Your flesh is heat resistant. (rF+)
                  | [potion of mutation]
  5245 | D:5      | Gained mutation: You have an increased reservoir of magic.
                  | (+10% MP) [potion of mutation]
  5289 | D:5      | XOM: god gift: arbalest {god gift}
  5290 | D:5      | Noticed Menkaure
  5292 | D:5      | XOM: enchant monster (good)
  5312 | D:5      | Killed from afar by Menkaure

Illustrated notes

Levels and vault maps discovered:
D:1:      dpeg_arrival_concentric_ovals, layout_basic,
          chequers_ecumenical_altar_simple, serial_aquarium,
          aquarium_bridge_island_large [aquarium_subvault_large_4_pools,
          aquarium_subvault_bridge, aquarium_subvault_window,
          aquarium_subvault_wall, aquarium_subvault_window], aquarium_window_1,
          aquarium_window_3, aquarium_window_1, aquarium_view_2b
D:2:      layout_basic, fountainhead, uniq_jessica
D:3:      cheibrodos_greedy_goblins, layout_loops_ring, guppyfry_early_orc_mine
D:4:      cheibrodos_helix_gallery, layout_basic,
          chequers_temple_overflow_statue_of_worship, amcnicky_altar_gilded
D:5:      minmay_chambers_of_threes, layout_loops_ring, serial_shops, shop,
          nicolae_shop_overgrown_old_shop, nicolae_stop_n_shop_1, shop_statue,
          nicolae_shop_hallway_stairs, minmay_holes, uniq_grinder, uniq_menkaure

Skill      XL: |  1  2  3  4  5  6 |
---------------+-------------------+-----
Fighting       | 4 5 |  5.1
Axes           | 4 5 6 |  6.1
Dodging        | 3 |  3.3
Stealth        | 1 2 |  2.1
Throwing       | |  0.6

Action                   |  1- 3 |  4- 6 |  7- 9 || total
-------------------------+-------+-------+-------++-------
Melee: Hand axe          |    91 |   203 |    15 ||   309
       Tailslap          |     9 |    27 |     3 ||    39
Throw: Dart              |       |    15 |       ||    15
  Use: Potion            |     1 |     2 |     4 ||     7
       Scroll            |       |     5 |     2 ||     7
 Stab: Sleeping          |       |     4 |       ||     4
       Confused          |       |     1 |       ||     1
Armor: Skin              |    38 |    86 |     9 ||   133
Dodge: Dodged            |    69 |   139 |    17 ||   225

Table legend: (Time is in decaauts)
 A = Elapsed time spent in this place.
 B = Non-inter-level travel time spent in this place.
 C = Inter-level travel time spent in this place.
 D = Time resting spent in this place.
 E = Time spent auto-exploring this place.
 F = Levels seen in this place.
 G = Mean time per level.
                   A        B        C        D        E       F      G
               +--------+--------+--------+--------+--------+-----+--------+
         Total |   5322 |   5204 |    118 |   1630 |   2725 |   5 | 1064.4 |
       Dungeon |   5322 |   5204 |    118 |   1630 |   2725 |   5 | 1064.4 |
               +--------+--------+--------+--------+--------+-----+--------+

Top non-repeatable levels by time:
     D:3: 1979 daAuts
     D:4: 1633 daAuts
     D:1: 1471 daAuts
     D:2: 144 daAuts
     D:5: 93 daAuts
